 Dungeon Crawl Stone Soup version 0.29.1-13-g9f3cf754e1 (webtiles) character file.

Game seed: 15723265173876009541

2836516 Disco the Archmage (level 27, 218/218 HPs)
             Began as a Djinni Conjurer on Feb 4, 2023.
             Was the Champion of Makhleb.
             Escaped with the Orb
             ... and 4 runes on Feb 5, 2023!
             The game lasted 02:39:51 (51727 turns).

Disco the Archmage (Djinni Conjurer)               Turns: 51727, Time: 02:39:51

Health: 218/218    AC: 25    Str:  4    XL:     27
Gold:   5887       EV: 21    Int: 42    God:    Makhleb [******] SH: 33 Dex: 23

rFire   + + +      SeeInvis +   y - +3 Elemental Staff {rElec rF++ rC++ AC+5}
rCold   + . .      Faith    .   n - +0 tower shield
rNeg    + . .      Spirit   +   v - +4 moon troll leather armour {Spirit, Regen++ MP+5}
rPois   ∞          Reflect  .   G - +2 hat
rElec   +          Harm     +   w - +2 cloak {rCorr}
rCorr   +          Rampage  .   J - +2 pair of gloves {Stlth+}
Will    ++...      Clarity  +   (boots unavailable)
Stlth   +.........              X - amulet "Qutweugu" {Acrobat Harm Regen+ Int+5}
HPRegen 2.86/turn               h - ring "Cuninn" {AC+4 Int+6}
MPRegen 0.00/turn               Z - ring of Iji Ytob {rF+ rN+ Int+2 SInv}

@: flying
A: sickness immunity, fire resistance 2, cold vulnerability 1, float, innate
caster, HP casting, extra vitality 1, claws 1, large bone plates 2, agile 2,
clarity, inability to drink after injury 1
0: Orb of Zot
}: 4/15 runes: serpentine, barnacled, slimy, silver
a: Renounce Religion, Minor Destruction, Lesser Servant of Makhleb, Major
Destruction, Greater Servant of Makhleb


You escaped.
You worshipped Makhleb.
Makhleb was exalted by your worship.
You visited 11 branches of the dungeon, and saw 53 of its levels.
You also visited: Gauntlet and Wizlab.

You collected 8624 gold pieces.
You spent 2737 gold pieces at shops.

Inventory:

Hand Weapons
 y - the +3 Elemental Staff (weapon) {rElec rF++ rC++ AC+5}
   (You bought it in a shop on level 3 of the Vaults)

   If the wielder is skilled in Evocations, they can discharge powerful blasts
   of elemental energy when striking with it.
   It enhances your fire, ice, earth and air magic.
   AC:        It affects your AC (+5).
   rF:        It greatly protects you from fire.
   rC:        It greatly protects you from cold.
   rElec:     It insulates you from electricity.
Armour
 n - a +0 tower shield (worn)
 v - the +4 moon troll leather armour (worn) {Spirit, Regen++ MP+5}
   (You took it off a moon troll in a wizard's laboratory)

   MP:        It affects your magic capacity (+5).
   Regen:     It increases your rate of health regeneration.
 w - a +2 cloak of preservation (worn)
 G - a +2 hat (worn)
 J - a +2 pair of gloves of stealth (worn)
Jewellery
 f - a ring of see invisible
 g - an amulet of reflection
 h - the ring "Cuninn" (left hand) {AC+4 Int+6}
   (You found it on level 5 of the Pits of Slime)

   [ring of protection]

   AC:        It affects your AC (+4).
   Int:       It affects your intelligence (+6).
 u - the amulet of Vedgh {RegenMP rPois rF- rN+++}
   (You took it off a necromancer on level 5 of the Vaults)

   [amulet of magic regeneration]

   It increases your rate of magic regeneration.
   rF:        It makes you vulnerable to fire.
   rPois:     It protects you from poison.
   rN:        It renders you almost immune to negative energy.
 X - the amulet "Qutweugu" (around neck) {Acrobat Harm Regen+ Int+5}
   (You acquired it on level 3 of the Elven Halls)

   [amulet of the acrobat]

   It increases your evasion while moving and waiting.
   Int:       It affects your intelligence (+5).
   Regen:     It increases your rate of health regeneration.
   Harm:      It increases damage dealt and taken.
 Z - the ring of Iji Ytob (right hand) {rF+ rN+ Int+2 SInv}
   (You found it on level 15 of the Dungeon)

   [ring of protection from fire]

   Int:       It affects your intelligence (+2).
   rF:        It protects you from fire.
   rN:        It protects you from negative energy.
   SInv:      It lets you see invisible.
Wands
 i - a wand of mindburst (18)
 m - a wand of digging (23)
 q - a wand of light (2)
 s - a wand of polymorph (27)
 A - a wand of charming (28)
 M - a wand of iceblast (37)
 N - a wand of flame (42)
Scrolls
 b - 3 scrolls of enchant armour
 c - 10 scrolls of fear
 d - 5 scrolls of poison
 e - 26 scrolls of teleportation
 p - 7 scrolls of fog
 D - 6 scrolls of magic mapping
 S - 2 scrolls of summoning
Potions
 j - 27 potions of curing
 k - 4 potions of brilliance
 l - 2 potions of invisibility
 o - 2 potions of haste
 r - 9 potions of cancellation
 t - 4 potions of ambrosia
 z - 9 potions of lignification
 C - 2 potions of heal wounds
 K - 3 potions of resistance
Miscellaneous
 H - a condenser vane
 L - a phial of floods
 T - a lightning rod (4/4)
 V - a phantom mirror


   Skills:
 * Level 24.0 Fighting
 + Level 14.1 Dodging
 - Level 1.5 Stealth
 O Level 27 Shields
 O Level 27 Spellcasting


You couldn't memorise any spells.
You knew the following spells:

 Your Spells              Type           Power      Damage    Failure   Level
a - Ignition              Fire           81%        3d21      1%          8
b - Conjure Ball Lightni  Conj/Air       81%        3x3d31    0%          6
c - Dazzling Flash        Conj/Hex       100%       N/A       0%          3
d - Searing Ray           Conj           100%       2d8       0%          2
e - Spider Form           Tmut/Pois      100%       N/A       0%          3
f - Fulminant Prism       Conj/Hex       68%        3d28      0%          4
g - Static Discharge      Conj/Air       100%       3-16/arc  0%          2
h - Inner Flame           Hex/Fire       100%       N/A       0%          3
i - Corpse Rot            Necr/Pois/Air  100%       N/A       0%          4
j - Ozocubu's Refrigerat  Ice            81%        4d25      0%          7
k - Disjunction           Tloc           68%        N/A       1%          8
l - Dragon Form           Tmut           68%        N/A       0%          7
m - Manifold Assault      Tloc           100%       N/A       0%          5
n - Iskenderun's Mystic   Conj/Tloc      100%       2d19      0%          4
o - Foxfire               Conj/Fire      100%       2x1d9     0%          1
p - Magic Dart            Conj           100%       1d8       0%          1
q - Death's Door          Necr           68%        N/A       1%          9
y - Summon Hydra          Summ           68%        N/A       0%          7
Your spell library was empty.

Dungeon Overview and Level Annotations

Branches:
Dungeon (15/15)            Temple (1/1) D:7            Lair (5/5) D:10
 Shoals (4/4) Lair:2        Snake (4/4) Lair:2        Slime (5/5) Lair:4
    Orc (2/2) D:9             Elf (3/3) Orc:2        Vaults (5/5) D:13
  Crypt (0/3) Vaults:2     Depths (4/4) D:15            Zot (5/5) Depths:4
 WizLab (visited)         Gauntlet (visited)

Altars:
Ashenzari
Cheibriados
Dithmenos
Elyvilon
Fedhas
Gozag
Hepliaklqana
Makhleb
Nemelex Xobeh
Okawaru
Qazlal
Ru
Trog
Uskayaw
Wu Jian
Xom
Yredelemnul
Zin
The Shining One
Jiyva

Shops:
D:12 [   Orc:2 [:**   Elf:2 [   Elf:3 ?   Shoals:1 (   Snake:2 =:=   Vaults:1 (
Vaults:2 (   Vaults:3 !(((:   Vaults:5 =   Depths:2 (

Portals:
Hell: Depths:1 Depths:4
Pandemonium: Orc:2


Innate Abilities, Weirdness & Mutations

You are immune to sickness and miasma.
You are immune to poison.
Your flesh is very heat resistant. (rF++)
You are vulnerable to cold. (rC-)
You float through the air rather than walking.
You learn spells naturally, not from books.
Your magical power is your life essence.
You have superior vitality. (+4 MHP)
You have sharp fingernails.
You are mostly covered in large bone plates. (SH +6)
You are very agile. (Dex +8, Str/Int -2)
You possess an exceptional clarity of mind.
You occasionally lose the ability to drink potions when taking damage.


Message History

Confirm with . or Enter, or press ? or * to list all spells.
Casting: Ignition (mildly dangerous; 1% risk of failure)
Press: ? - help, Dir - look around, f - activate You feel a surge of power!
The air bursts into flame!
The fireball engulfs the Orb Guardian!!
You kill the Orb Guardian!
Makhleb accepts your kill.
You feel better.
Casting: Ignition (mildly dangerous; 1% risk of failure)
Confirm with . or Enter, or press ? or * to list all spells.
You can't see any susceptible monsters within range! (Use Z to cast anyway.)
(D) Dungeon (T) Temple (L) Lair (A) Shoals (P) Snake Pit (M) Slime Pits (O) Orcish Mines (E) Elven Halls (V) Vaults (C) Crypt (U) Depths (H) Hell (Z) Zot
Where to? (Enter - D:1, ? - help)
What level of the Dungeon? (default 1, ? - help)
There is a stone staircase leading up here.
You fly upwards.
There is a stone staircase leading down here.
There is a stone staircase leading up here.
You fly upwards.
There is a stone staircase leading down here.
There is a stone staircase leading up here.
You fly upwards.
There is a stone staircase leading down here.
Unknown command.
Unknown command.
Aiming: Dig
Press: ? - help, Shift-Dir - straight line A rock wall.
This square is covered in magical glow.
The rock shatters into small pieces.
Aiming: Dig
Press: ? - help, Shift-Dir - straight line A rock wall.
This square is covered in magical glow.
The rock shatters into small pieces.
There is a staircase leading out of the dungeon here.
You have escaped!

#######.#..########### ##.##
........####.........#####.##
#########...####'####...#.##
##.#### #...# ####.## #.## #...#
##.#.# #######.####
###+#####.##.#######
.....#.##≈.###.....##..≈##.##....
###.##.#≈≈§.#..........≈§#.##.###
#....#≈§§.'...@...'..≈≈#....###
####.#§≈§.#.......#.§§≈#.##....
#.##≈.###.....##..§##.##.###
##.#### ###'########.###.# # ###
#.## #...# ##.# #.# # ..# ##.####
#...# ####.## #.### #.#
##...####'####...## #.... #.#
######.........#### ##### #.#
##....############.# #


There were no monsters in sight!

Vanquished Creatures
  the Royal Jelly (Slime:5)
  3 ancient liches
  4 dread liches (Zot:5)
  6 orbs of fire (Zot:5)
  2 pandemonium lords
  2 juggernauts (Depths:3)
  Josephina (Depths:3)
  3 Killer Klowns (Zot:5)
  Saint Roka (Snake:4)
  Xtahua (Vaults:4)
  Nikola (Shoals:1)
  A curse toe (Zot:4)
  10 golden dragons
  2 profane servitors
  A Tzitzimitl (D:10)
  2 Brimstone Fiends
  Jorgrun (Snake:3)
  3 electric golems
  2 Ice Fiends
  Rupert (D:13)
  A moon troll (WizLab)
  A walking crystal tome (Depths:3)
  2 deep elf master archers (Elf:3)
  27 Orb Guardians
  Mlioglotl (Snake:4)
  14 tentacled monstrosities
  9 liches
  3 deep elf blademasters
  9 quicksilver dragons
  6 titans
  21 acid blobs
  11 tentacled starspawn (WizLab)
  5 sphinxes
  Polyphemus (Shoals:4)
  2 krakens
  7 death cobs
  2 Executioners
  A shadow dragon (shapeshifter) (Vaults:5)
  Gastronok (Lair:2)
  6 tengu reavers
  11 shadow dragons
  7 draconian monks
  13 storm dragons
  16 nagarajas (Snake:4)
  7 draconian knights
  Roxanne (D:15)
  16 azure jellies
  A demonspawn warmonger (Depths:3)
  A daeva (Zot:5)
  An iron dragon (Depths:1)
  9 rockslimes
  16 vault wardens
  A balrug (Depths:1)
  3 ghost moths
  Louise (D:15)
  6 fire giants
  2 orc warlords
  11 frost giants
  The ghost of Ruat the Sorcerer, an adept DECj of Sif Muna (D:15)
  2 cacodemons
  6 draconian scorchers
  Aizul (Snake:1)
  8 deep elf sorcerers
  8 draconian shifters
  An angel (D:6)
  11 quicksilver oozes
  2 reapers
  6 draconian annihilators
  4 deep elf elementalists (Elf:3)
  A spriggan defender (Depths:2)
  2 draconian stormcallers (Zot:2)
  13 ironbound preservers
  A quicksilver ooze (shapeshifter) (Vaults:5)
  4 war gargoyles
  A demonspawn corrupter (Depths:3)
  A broodmother (shapeshifter) (Depths:4)
  6 ironbound thunderhulks
  28 very ugly things
  14 black draconians
  23 stone giants
  7 green draconians
  3 vampire knights
  4 minotaurs
  7 deep elf demonologists
  A demonspawn black sun (Depths:4)
  13 dire elephants
  7 deep elf annihilators
  10 red draconians
  2 entropy weavers
  Nessos (D:14)
  2 spark wasps
  10 yellow draconians
  2 lorocyprocas
  Azrael (Snake:1)
  3 purple draconians
  15 white draconians
  9 deep elf death magi
  Snorg (D:10)
  3 merfolk javelineers
  10 fire dragons
  3 jiangshi (Depths:2)
  22 great orbs of eyes
  2 deep elf high priests
  17 yaktaur captains
  14 ettins
  9 merfolk impalers
  13 hydras
  3 salamander tyrants (Snake:4)
  Erolcha (D:10)
  4 ice dragons
  2 ogre magi (Vaults:5)
  4 peacekeepers
  Harold (Lair:2)
  43 vault guards
  3 demonspawn (Orc:2)
  A juggernaut simulacrum (Depths:3)
  3 rakshasas
  An ironbound frostheart (Vaults:3)
  Erica (D:10)
  15 satyrs
  2 boulder beetles
  3 catoblepae
  9 anacondas
  4 merfolk aquamancers
  12 two-headed ogres
  3 spriggan air magi
  A caustic shrike simulacrum (Depths:3)
  An alligator snapping turtle (Shoals:4)
  4 merfolk avatars
  A death knight (D:12)
  A tengu warrior (Depths:1)
  16 naga warriors
  26 dancing weapons
  12 centaur warriors
  9 death yaks
  9 deep troll earth magi
  3 deep troll shamans
  2 vampire magi
  Urug (D:12)
  16 naga sharpshooters
  15 deep elf knights
  A hell knight (Vaults:5)
  A shock serpent (Snake:4)
  8 spriggan berserkers
  5 salamander mystics
  2 wretched stars (WizLab)
  2 spriggans (Depths:4)
  Sonja (D:12)
  5 orc high priests
  5 skeletal warriors
  A sun demon (Orc:2)
  8 glowing orange brains
  9 iron trolls
  45 deep trolls
  An orange crystal statue (WizLab)
  A shadow wraith (Vaults:5)
  6 naga ritualists
  14 sea snakes
  2 shadow demons
  2 flayed ghosts
  A swamp dragon (shapeshifter) (Vaults:5)
  9 deep elf archers
  29 ironbound convokers
  7 necromancers
  9 lindwurms
  9 orc knights
  6 wizards
  31 harpies
  33 deep elf pyromancers
  11 orc sorcerers
  A lindwurm (shapeshifter) (Vaults:5)
  20 fauns
  6 mana vipers
  11 salamanders
  28 deep elf zephyrmancers
  30 ugly things
  25 manticores
  6 shining eyes
  8 cyclopes
  6 merfolk sirens
  10 moths of wrath
  9 elephants
  5 guardian serpents
  23 vault sentinels
  35 black mambas
  Maurice (D:11)
  3 molten gargoyles (Lair:5)
  A gargoyle (D:14)
  2 smoke demons (Depths:1)
  7 naga magi
  4 water nymphs
  8 eyes of devastation
  An orange demon (Depths:4)
  16 cane toads
  Maggie (D:7)
  A kobold demonologist (Elf:1)
  An unseen horror (D:12)
  8 rime drakes
  A freezing wraith (Vaults:5)
  An efreet (D:14)
  2 centaur skeletons (D:15)
  36 yaktaurs
  A tormentor (Depths:3)
  22 komodo dragons
  5 tengu conjurers
  7 trolls
  5 hornets
  4 polar bears
  38 merfolk
  A tengu simulacrum (Depths:3)
  6 meliai
  A meliai (shapeshifter) (Elf:2)
  Grinder (D:3)
  11 wind drakes
  138 slime creatures
  24 blink frogs
  Prince Ribbit (D:5)
  15 dream sheep
  A fire giant simulacrum (Depths:3)
  3 large abominations
  A jumping spider (Gauntlet)
  10 snapping turtles
  3 air elementals
  A culicivora (shapeshifter) (D:13)
  24 water elementals
  2 centaur simulacra
  A vampire (D:13)
  3 wyverns
  43 yaks
  Eustachio (D:6)
  5 fire elementals
  6 wraiths
  Grum (D:11)
  10 golden eyes
  22 humans (D:13)
  A human (shapeshifter) (D:14)
  3 chaos spawn
  A redback (shapeshifter) (Vaults:1)
  5 basilisks
  7 small abominations (Gauntlet)
  A steam dragon (Lair:5)
  A redback (Gauntlet)
  6 neqoxecs
  Menkaure (D:7)
  7 vampire mosquitoes
  A warg (Orc:1)
  31 nagas
  15 water moccasins
  2 acid dragons
  7 hell hounds
  2 floating eyes
  43 orc warriors
  An ice beast (D:6)
  A sky beast (D:8)
  2 black bears (D:6)
  15 wolves
  A hornet zombie (D:15)
  10 ogres
  A boggart (Elf:1)
  6 centaurs
  A phantom (D:6)
  12 bullfrogs
  2 earth elementals
  3 kobold brigands
  A glowing shapeshifter simulacrum (Depths:3)
  2 gnoll sergeants
  A necrophage (D:6)
  2 scorpions
  11 wights
  3 killer bees (D:10)
  6 howler monkeys
  6 electric eels
  7 lava snakes
  Crazy Yiuf (D:3)
  7 hounds
  A gnoll bouda (D:5)
  7 jellies
  29 orc priests
  Jessica (D:3)
  Terence (D:2)
  3 iguanas (D:5)
  23 orc wizards
  5 hell rats (Lair:2)
  A boggart skeleton (D:15)
  Robin (D:2)
  12 gnolls
  5 adders
  2 shadow imps (D:5)
  3 white imps
  An ufetubus (D:6)
  2 dart slugs
  94 orcs
  4 endoplasms
  5 giant cockroaches
  12 goblins
  10 hobgoblins
  10 jackals
  9 quokkas
  13 ball pythons
  6 bats
  2 frilled lizards (D:2)
  26 kobolds
  5 rats
  3 bushes
  5 demonic plants (WizLab)
  A fulminant prism (Gauntlet)
  10 plants
  2 starspawn tentacles (WizLab)
  3 tentacles (Shoals:1)
2419 creatures vanquished.

Vanquished Creatures (collateral kills)
  2 crystal guardians
  A tengu zombie (Vaults:3)
  A frost giant zombie (Vaults:3)
  A human zombie (Vaults:3)
  An elf skeleton (Vaults:3)
  5 ball lightnings
  A foxfire (D:2)
12 creatures vanquished.

Vanquished Creatures (others)
  A red draconian (Depths:4)
  215 ball lightnings
  A bush (D:10)
  2 demonic plants (WizLab)
  166 foxfires
  69 fulminant prisms
  26 fungi
  312 plants
  4 starspawn tentacles (WizLab)
  5 tentacles
801 creatures vanquished.

Grand Total: 3232 creatures vanquished

Notes
Turn   | Place    | Note
-------+----------+-------------------------------------------
     0 | D:1      | Disco the Djinni Conjurer began the quest for the Orb.
     0 | D:1      | Disco set off with the following spells memorised: Magic
                  | Dart, Searing Ray, Dazzling Flash, Fulminant Prism,
                  | Iskenderun's Mystic Blast.
     0 | D:1      | Reached XP level 1. HP: 15/15 MP: 0/0
   337 | D:1      | Reached XP level 2. HP: 20/21 MP: 0/0
  1043 | D:1      | Found a faded altar of an unknown god.
  1155 | D:1      | Reached XP level 3. HP: 23/25 MP: 0/0
  1155 | D:1      | Learned a level 1 spell: Foxfire
  2156 | D:2      | Noticed Robin
  2172 | D:2      | Killed Robin
  2173 | D:2      | Reached XP level 4. HP: 18/31 MP: 0/0
  2523 | D:2      | Noticed Terence
  2530 | D:2      | Killed Terence
  2690 | D:2      | Reached XP level 5. HP: 32/35 MP: 0/0
  2690 | D:2      | Learned a level 2 spell: Static Discharge
  3255 | D:2      | Reached skill level 5 in Spellcasting
  3476 | D:3      | Noticed Jessica
  3482 | D:3      | Killed Jessica
  3593 | D:3      | Found a basalt altar of Yredelemnul.
  3652 | D:3      | Noticed an ogre
  3662 | D:3      | Killed an ogre
  3663 | D:3      | Reached XP level 6. HP: 23/40 MP: 0/0
  4000 | D:3      | Noticed Grinder
  4014 | D:3      | Killed Grinder
  4015 | D:3      | Reached XP level 7. HP: 30/45 MP: 0/0
  4015 | D:3      | Learned a level 3 spell: Spider Form
  4505 | D:3      | Found a runed translucent door.
  4506 | D:3      | Noticed Crazy Yiuf
  4615 | D:3      | Killed Crazy Yiuf
  5284 | D:4      | Found the +8 trident of the Octopus King {venom, rElec
                  | rPois}
  5349 | D:4      | Identified the +1 scale mail of Spring {+Inv rF+}
  5779 | D:4      | Reached XP level 8. HP: 42/50 MP: 0/0
  5910 | D:5      | Entered Level 5 of the Dungeon
  6079 | D:5      | Noticed Prince Ribbit
  6081 | D:5      | Noticed a hornet
  6085 | D:5      | Killed Prince Ribbit
  6089 | D:5      | Killed a hornet
  6496 | D:5      | Reached XP level 9. HP: 47/55 MP: 0/0
  6496 | D:5      | Learned a level 3 spell: Inner Flame
  7323 | D:6      | Noticed Eustachio
  7328 | D:6      | Killed Eustachio
  7593 | D:6      | Reached skill level 10 in Spellcasting
  8599 | D:6      | Reached XP level 10. HP: 56/60 MP: 0/0
  8805 | D:7      | Identified the +10 sling of Xyecu {freeze, rF+ rC+ Dex+2}
  9169 | D:7      | Reached skill level 1 in Shields
  9564 | D:7      | Found a staircase to the Ecumenical Temple.
  9586 | Temple   | Entered the Ecumenical Temple
  9728 | Temple   | Became a worshipper of Makhleb the Destroyer
  9937 | D:7      | Noticed Maggie
  9943 | D:7      | Killed Maggie
 10231 | D:7      | Noticed Menkaure
 10232 | D:7      | Killed Menkaure
 10670 | D:8      | Reached * piety under Makhleb
 10770 | D:8      | Reached skill level 1 in Fighting
 10852 | D:8      | Found a shadowy altar of Dithmenos.
 11169 | D:8      | Reached XP level 11. HP: 16/68 MP: 0/0
 11169 | D:8      | Learned a level 4 spell: Corpse Rot
 11823 | D:8      | Noticed a two-headed ogre
 11830 | D:8      | Killed a two-headed ogre
 12036 | D:8      | Found a stormy altar of Qazlal.
 12202 | D:9      | Reached ** piety under Makhleb
 12312 | D:9      | Noticed a two-headed ogre
 12896 | D:9      | Found a staircase to the Orcish Mines.
 12980 | Orc:1    | Entered Level 1 of the Orcish Mines
 12980 | Orc:1    | Noticed an orc knight
 12981 | Orc:1    | Noticed an orc high priest
 13088 | Orc:1    | Killed an orc high priest
 13113 | Orc:1    | Killed an orc knight
 13123 | Orc:1    | Reached skill level 5 in Shields
 13159 | Orc:1    | Noticed a two-headed ogre
 13167 | Orc:1    | Killed a two-headed ogre
 13250 | Orc:1    | Noticed a two-headed ogre
 13263 | Orc:1    | Killed a two-headed ogre
 13277 | Orc:1    | Reached *** piety under Makhleb
 13359 | Orc:1    | Noticed a two-headed ogre
 13364 | Orc:1    | Killed a two-headed ogre
 13372 | Orc:1    | Noticed an orc sorcerer
 13375 | Orc:1    | Noticed an orc warlord
 13377 | Orc:1    | Killed an orc sorcerer
 13378 | Orc:1    | Reached XP level 12. HP: 33/78 MP: 0/0
 13436 | Orc:1    | HP: 1/78 [orc warlord/bolt (38)]
 13827 | Orc:1    | Killed an orc warlord
 13871 | Orc:1    | Noticed a two-headed ogre
 13876 | Orc:1    | Killed a two-headed ogre
 14048 | Orc:1    | Noticed an ettin
 14071 | Orc:1    | Killed an ettin
 14171 | Orc:1    | Noticed a two-headed ogre
 14182 | Orc:1    | Killed a two-headed ogre
 14248 | Orc:1    | Reached **** piety under Makhleb
 14506 | Orc:2    | Entered Level 2 of the Orcish Mines
 14506 | Orc:2    | Found a staircase to the Elven Halls.
 14696 | Orc:2    | Found Ethots's General Store.
 15146 | Orc:2    | Reached XP level 13. HP: 80/83 MP: 0/0
 15146 | Orc:2    | Learned a level 5 spell: Manifold Assault
 15413 | Orc:2    | Found Nempacif's General Store.
 15417 | Orc:2    | Reached ***** piety under Makhleb
 15537 | Orc:2    | Reached skill level 15 in Spellcasting
 15665 | Orc:2    | Noticed a demonspawn
 15668 | Orc:2    | Noticed a demonspawn
 15673 | Orc:2    | Killed a demonspawn
 15678 | Orc:2    | Killed a demonspawn
 15679 | Orc:2    | Reached skill level 5 in Fighting
 15697 | Orc:2    | Noticed a demonspawn
 15702 | Orc:2    | Killed a demonspawn
 15741 | Orc:2    | Found Imou's Antique Armour Shop.
 15741 | Orc:2    | Found Xuerang's Book Boutique.
 15742 | Orc:2    | Found a one-way gate leading to the halls of Pandemonium.
 15744 | Orc:2    | Bought a pair of runed gloves for 225 gold pieces
 15877 | D:10     | Entered Level 10 of the Dungeon
 15895 | D:10     | Identified the +2 helmet of Xarumn {rCorr MP+9 Int-2}
 15944 | D:10     | Noticed Erica
 15957 | D:10     | Noticed Snorg
 15975 | D:10     | Killed Erica
 15975 | D:10     | Killed Snorg
 16004 | D:10     | Found a staircase to the Lair.
 16019 | D:10     | Noticed Erolcha
 16026 | D:10     | Reached XP level 14. HP: 67/92 MP: 0/0
 16029 | D:10     | Killed Erolcha
 16735 | Lair:1   | Entered Level 1 of the Lair of Beasts
 18100 | Lair:2   | Noticed Harold
 18112 | Lair:2   | Killed Harold
 18300 | Lair:2   | Noticed Gastronok
 18399 | Lair:2   | Killed Gastronok
 18400 | Lair:2   | Reached skill level 10 in Shields
 18486 | Lair:2   | Identified the +4 scale mail "Catt" {rF+}
 18494 | Lair:2   | Found a staircase to the Shoals.
 18555 | Lair:2   | Found a staircase to the Snake Pit.
 18916 | Lair:3   | Reached ****** piety under Makhleb
 19011 | Lair:3   | Reached XP level 15. HP: 96/98 MP: 0/0
 19011 | Lair:3   | Learned a level 6 spell: Conjure Ball Lightning
 20568 | Lair:4   | Found a viscous altar of Jiyva.
 20569 | Lair:4   | Found a staircase to the Slime Pits.
 21029 | Lair:5   | Entered Level 5 of the Lair of Beasts
 21647 | Lair:5   | Reached XP level 16. HP: 97/105 MP: 0/0
 21893 | Lair:5   | Found a large runed translucent door.
 21893 | Lair:5   | Found a large runed translucent door.
 22548 | D:11     | Noticed Maurice
 22562 | D:11     | Killed Maurice
 22977 | D:11     | Noticed Grum
 22986 | D:11     | Killed Grum
 23774 | D:12     | Noticed Urug
 23782 | D:12     | Noticed Sonja
 23787 | D:12     | Killed Urug
 23794 | D:12     | Killed Sonja
 23847 | D:12     | Found Akut's Armour Boutique.
 24161 | D:12     | Found a viscous altar of Jiyva.
 24330 | D:13     | Found a gate leading to a gauntlet.
 24338 | Gauntlet | Entered a Gauntlet
 24338 | Gauntlet | Found a transporter.
 24338 | Gauntlet | Found a transporter.
 24344 | Gauntlet | Found a transporter.
 24359 | Gauntlet | Found a transporter.
 24371 | Gauntlet | Found a large runed translucent door.
 24372 | Gauntlet | Found a large runed translucent door.
 24373 | Gauntlet | Found a large runed translucent door.
 24373 | Gauntlet | Found a large runed translucent door.
 24373 | Gauntlet | Found a large runed translucent door.
 24373 | Gauntlet | Found a large runed translucent door.
 24373 | Gauntlet | Found a large runed translucent door.
 24373 | Gauntlet | Found a large runed translucent door.
 24374 | Gauntlet | Found a runed translucent door.
 24374 | Gauntlet | Found a runed translucent gate.
 24375 | Gauntlet | Found a runed translucent gate.
 24375 | Gauntlet | Found a transporter.
 24375 | Gauntlet | Found a transporter.
 24375 | Gauntlet | Found a transporter.
 24378 | Gauntlet | Found a transporter.
 24378 | Gauntlet | Found a transporter.
 24390 | Gauntlet | Found a transporter.
 24407 | Gauntlet | Found a transporter.
 24411 | Gauntlet | Found a runed translucent door.
 24418 | Gauntlet | Found a transporter.
 24433 | Gauntlet | Found a transporter.
 24445 | Gauntlet | Found a large runed translucent door.
 24446 | Gauntlet | Found a large runed translucent door.
 24447 | Gauntlet | Found a large runed translucent door.
 24447 | Gauntlet | Found a large runed translucent door.
 24447 | Gauntlet | Found a large runed translucent door.
 24447 | Gauntlet | Found a large runed translucent door.
 24448 | Gauntlet | Found a runed translucent gate.
 24448 | Gauntlet | Found a large runed translucent door.
 24448 | Gauntlet | Found a runed translucent door.
 24448 | Gauntlet | Found a large runed translucent door.
 24453 | Gauntlet | Found a transporter.
 24506 | Gauntlet | Identified the amulet of the Establishment {Reflect +Inv
                  | Will+ SH+5}
 24576 | Gauntlet | Identified the +10 rapier "Boxzos" {drain, *Slow rN+ rCorr
                  | SInv}
 24616 | Gauntlet | Identified the +5 helmet "Natasuog" {+Blink Int-4 Dex+4
                  | Stlth+}
 24622 | Gauntlet | Identified the +4 rapier "Xaecwoz" {distort, rElec}
 24689 | Gauntlet | Identified the +0 ice dragon scales "Deudaw Jurch" {rPois
                  | rF- rC++ Int+5}
 24891 | D:13     | Noticed Rupert
 24897 | D:13     | Killed Rupert
 25086 | D:13     | Found a gate to the Vaults.
 25646 | D:14     | Identified the +2 robe of the Mind {Str+2}
 25652 | D:14     | Reached XP level 17. HP: 100/112 MP: 0/0
 25652 | D:14     | Learned a level 7 spell: Dragon Form
 25684 | D:14     | Identified the +9 falchion "Wekhli Eghiv" {vorpal, rPois}
 25754 | D:14     | Reached skill level 5 in Dodging
 25874 | D:14     | Noticed Nessos
 25875 | D:14     | Killed Nessos
 26361 | D:15     | Entered Level 15 of the Dungeon
 26401 | D:15     | Paralysed by an orc sorcerer for 2 turns
 26466 | D:15     | Identified the -1 tower shield of Impatience {rElec rC++
                  | Str-5}
 26466 | D:15     | Noticed Louise
 26476 | D:15     | Killed Louise
 26601 | D:15     | Found a broken altar of Ashenzari.
 26678 | D:15     | Identified Roxanne's Spellbook of the Quarry
 26678 | D:15     | Noticed Roxanne
 26691 | D:15     | Killed Roxanne
 26751 | D:15     | Found a runed translucent gate.
 26751 | D:15     | Found a runed translucent gate.
 26751 | D:15     | Found a runed translucent gate.
 26751 | D:15     | Noticed a lich
 26751 | D:15     | Noticed Ruat's ghost (adept DECj)
 26751 | D:15     | Noticed a lich
 26752 | D:15     | Noticed a lich
 26753 | D:15     | Noticed a lich
 26760 | D:15     | Killed a lich
 26760 | D:15     | Killed a lich
 26760 | D:15     | Killed a lich
 26762 | D:15     | Killed a lich
 26764 | D:15     | Killed Ruat's ghost
 26779 | D:15     | Identified the +1 helmet "Ingocixt" {+Inv Dex+4}
 26783 | D:15     | Identified the ring of Iji Ytob {rF+ rN+ Int+2 SInv}
 26787 | D:15     | Identified the +3 spear "Ruosub" {protect, Dex+3}
 26795 | D:15     | Identified the amulet "Wuofeb" {Reflect Int+5 SH+5 SInv}
 27227 | D:15     | Found a staircase to the Depths.
 27637 | Elf:1    | Entered Level 1 of the Elven Halls
 28370 | Elf:1    | Identified the ring "Tatemit" {Str+4 Int+6 Dex+7}
 28837 | Elf:2    | Reached XP level 18. HP: 112/118 MP: 0/0
 28856 | Elf:2    | Noticed an Ice Fiend
 29182 | Elf:2    | Noticed a Tzitzimitl
 29549 | Elf:2    | Found Jocuof's Antique Armour Emporium.
 29742 | Elf:2    | Found a runed translucent gate.
 29742 | Elf:2    | Found a runed translucent gate.
 29743 | Elf:2    | Found a runed translucent gate.
 29950 | Elf:2    | Noticed a deep elf blademaster
 29954 | Elf:2    | Killed a deep elf blademaster
 30433 | Elf:3    | Entered Level 3 of the Elven Halls
 31087 | Elf:3    | Reached XP level 19. HP: 117/123 MP: 0/0
 31087 | Elf:3    | Learned a level 7 spell: Ozocubu's Refrigeration
 31230 | Elf:3    | Found Lebleit's Magic Scroll Shop.
 31238 | Elf:3    | Bought a scroll of acquirement for 988 gold pieces
 31239 | Elf:3    | Acquired the amulet "Qutweugu" {Acrobat Harm Regen+ Int+5}
 31395 | Elf:3    | Identified the +9 plate armour "Yviw" {*Corrode rF++}
 31414 | Elf:3    | Noticed a deep elf blademaster
 31416 | Elf:3    | Killed a deep elf blademaster
 31419 | Elf:3    | Killed a ghostly deep elf blademaster
 31447 | Elf:3    | Noticed a deep elf blademaster
 31451 | Elf:3    | Killed a deep elf blademaster
 31504 | Elf:3    | Identified the +5 mace "Ceh Xeytou" {freeze, rElec}
 31544 | Elf:3    | Identified the +1 scale mail of the Gravedigger {Rampage
                  | rPois rC+ Will-}
 31553 | Elf:3    | Identified the +5 chain mail of Disaster {Fly Str+3 Dex+2}
 31570 | Elf:3    | Identified the +7 shadow dragon scales "Diets" {Harm Dex+2
                  | Stlth++++}
 31592 | Elf:3    | Identified the +6 ring mail "Jujeinno" {rC+ Int+2}
 31605 | Elf:3    | Identified the +10 quarterstaff "Kiata" {antimagic, rF+ rN+
                  | rCorr Dex-3}
 32076 | Snake:1  | Entered Level 1 of the Snake Pit
 32304 | Snake:1  | Noticed Azrael
 32305 | Snake:1  | Killed Azrael
 32481 | Snake:1  | Noticed Aizul
 32484 | Snake:1  | Killed Aizul
 32815 | Snake:2  | Found Uskuic's Book Shop.
 32816 | Snake:2  | Found Omeys's Jewellery Emporium.
 32816 | Snake:2  | Found Meutwuon's Jewellery Emporium.
 33063 | Snake:2  | Reached skill level 15 in Shields
 33711 | Snake:3  | Reached XP level 20. HP: 112/129 MP: 0/0
 33751 | Snake:3  | Found a glowing silver altar of Zin.
 33828 | Snake:3  | Noticed Jorgrun
 33839 | Snake:3  | Killed Jorgrun
 34257 | Snake:4  | Entered Level 4 of the Snake Pit
 34487 | Snake:4  | Got a serpentine rune of Zot
 34572 | Snake:4  | Found a hide-covered altar of Uskayaw.
 34773 | Snake:4  | Noticed Mlioglotl
 34779 | Snake:4  | Killed Mlioglotl
 34974 | Snake:4  | Noticed Saint Roka
 34980 | Snake:4  | Killed Saint Roka
 35299 | Shoals:1 | Entered Level 1 of the Shoals
 35404 | Shoals:1 | Reached XP level 21. HP: 134/134 MP: 0/0
 35404 | Shoals:1 | Learned a level 7 spell: Summon Hydra
 35506 | Shoals:1 | Found Xaxocs's Antique Weapon Emporium.
 35512 | Shoals:1 | Noticed Nikola
 35516 | Shoals:1 | Killed Nikola
 37635 | Shoals:4 | Entered Level 4 of the Shoals
 37635 | Shoals:4 | Noticed Polyphemus
 37672 | Shoals:4 | Killed Polyphemus
 37738 | Shoals:4 | Reached XP level 22. HP: 139/139 MP: 0/0
 37990 | Shoals:4 | Identified the ring of Dityciost {Ice rPois Int+4}
 38082 | Shoals:4 | Got a barnacled rune of Zot
 38434 | Slime:1  | Entered Level 1 of the Pits of Slime
 38825 | Slime:3  | You are sucked into a shaft and drop 1 floor!
 38961 | Slime:5  | Entered Level 5 of the Pits of Slime
 39687 | Slime:1  | Reached XP level 23. HP: 145/145 MP: 0/0
 39687 | Slime:1  | Learned a level 8 spell: Disjunction
 39787 | Slime:5  | Gained mutation: Armour fits poorly on your strangely
                  | shaped body. [a shining eye]
 39788 | Slime:5  | Gained mutation: You passively dampen the noise of your
                  | surroundings. [a shining eye]
 39975 | Slime:5  | Found a viscous altar of Jiyva.
 40159 | Slime:5  | Noticed the Royal Jelly
 40195 | Slime:5  | Killed the Royal Jelly
 40326 | Slime:5  | Identified the +2 acid dragon scales "Gowaor" {+Blink rPois
                  | rCorr MP-9 Dex-5}
 40334 | Slime:5  | Identified the +4 arbalest "Itemoaggya" {penet, rElec
                  | rPois}
 40349 | Slime:5  | Got a slimy rune of Zot
 40377 | Slime:5  | Identified the ring "Cuninn" {AC+4 Int+6}
 40384 | Slime:5  | Acquired 1045 gold pieces
 40386 | Slime:5  | Acquired a manual of Fighting
 40416 | Slime:5  | Identified the ring "Ymod" {Wiz *Corrode rElec Int+4}
 40423 | Slime:5  | Identified the ring "Roloanent" {rF+ Int+4}
 40455 | Slime:5  | Identified the +6 chain mail of Pandemonium {rPois rF+
                  | rCorr Dex+3}
 40471 | Slime:5  | Identified the +0 morningstar "Ipseosk" {drain, Int+4}
 40862 | Vaults:1 | Entered Level 1 of the Vaults
 41512 | Vaults:1 | Lost mutation: You passively dampen the noise of your
                  | surroundings. [potion of mutation]
 41512 | Vaults:1 | Lost mutation: Armour fits poorly on your strangely shaped
                  | body. [potion of mutation]
 41512 | Vaults:1 | Gained mutation: You expend health (3 HP) to strengthen
                  | your wands. [potion of mutation]
 41512 | Vaults:1 | Gained mutation: You passively map a small area around you.
                  | [potion of mutation]
 41512 | Vaults:1 | Gained mutation: You have a pair of small horns on your
                  | head. [potion of mutation]
 41581 | Vaults:1 | Identified the +1 robe "Jaulul" {Rampage Int+2}
 41661 | Vaults:1 | Found Beecsod's Weapon Boutique.
 41950 | Vaults:2 | Found a staircase to the Crypt.
 42058 | Vaults:2 | Reached XP level 24. HP: 134/157 MP: 0/0
 42100 | Vaults:2 | Found a magical portal.
 42105 | WizLab   | Entered Lehudib's Moon Base
 42147 | WizLab   | Found a transporter.
 42172 | WizLab   | Reached skill level 10 in Fighting
 42250 | WizLab   | Identified the +3 kite shield of Past Mistakes {rElec rF+}
 42675 | WizLab   | Reached skill level 27 in Spellcasting
 42743 | WizLab   | Found a transporter.
 43089 | Vaults:2 | Found Zimaco's Antique Weapon Shoppe.
 43921 | Vaults:3 | Found Ciogocsa's Weapon Shop.
 43930 | Vaults:3 | Bought the +3 Elemental Staff {rElec rF++ rC++ AC+5} for
                  | 1384 gold pieces
 43930 | Vaults:3 | Found the +3 Elemental Staff {rElec rF++ rC++ AC+5}
 44141 | Vaults:3 | Found Naitas's Distillery.
 44228 | Vaults:3 | Bought a potion of heal wounds for 70 gold pieces
 44228 | Vaults:3 | Bought a potion of heal wounds for 70 gold pieces
 44234 | Vaults:3 | Found Ampi's Weapon Boutique.
 44412 | Vaults:3 | Found Kivvevam's Antique Weapon Emporium.
 44548 | Vaults:3 | Found Iffaibry's Book Shop.
 44936 | Vaults:4 | Reached XP level 25. HP: 175/175 MP: 0/0
 44936 | Vaults:4 | Learned a level 8 spell: Ignition
 45077 | Vaults:4 | Reached skill level 15 in Fighting
 45392 | Vaults:4 | Identified the +6 triple crossbow of Effivo {flame, Will-
                  | Str+7}
 45527 | Vaults:4 | Noticed Xtahua
 45529 | Vaults:4 | Killed Xtahua
 45942 | Vaults:5 | Entered Level 5 of the Vaults
 45959 | Vaults:5 | Noticed an ancient lich
 45967 | Vaults:5 | Killed an ancient lich
 45981 | Vaults:5 | Reached XP level 26. HP: 195/195 MP: 0/0
 45990 | Vaults:5 | Identified the +6 great sword of Fear {venom, *Corrode
                  | rPois rN+++ Int-4}
 46000 | Vaults:5 | Noticed an ancient lich
 46005 | Vaults:5 | Killed an ancient lich
 46006 | Vaults:5 | Identified the amulet of Vedgh {RegenMP rPois rF- rN+++}
 46108 | Vaults:5 | Identified the +4 shortbow of Hatred {venom, Contam rN+
                  | Will++ Int+2}
 46292 | Vaults:5 | Identified the +2 leather armour "Ifaulad" {rElec rPois rN+
                  | Str+3 Slay-3}
 46321 | Vaults:5 | Found the +10 Black Knight's barding {ponderous, rPois rN+}
 46354 | Vaults:5 | Got a silver rune of Zot
 46455 | Vaults:5 | Identified the +5 long sword of Fimbulwinter {vamp, rPois
                  | Str+3}
 46523 | Vaults:5 | Found Jemirhap's Jewellery Emporium.
 46742 | Vaults:5 | Identified the +9 arbalest "Ucifuen" {venom, rElec Str+3}
 46884 | Vaults:5 | Identified the +9 quarterstaff "Newt's Demise" {vorpal,
                  | rPois}
 47211 | Depths:1 | Entered Level 1 of the Depths
 47409 | Depths:1 | Identified the ring of Voum {Contam rF++ Will+ Int+4}
 48051 | Depths:1 | Found a gateway to Hell.
 48402 | Depths:1 | Reached XP level 27. HP: 208/208 MP: 0/0
 48402 | Depths:1 | Learned a level 9 spell: Death's Door
 48458 | Depths:2 | Found Ymaqyic's Weapon Emporium.
 48569 | Depths:3 | Noticed a juggernaut
 48573 | Depths:3 | Killed a juggernaut
 48585 | Depths:3 | Identified the ring of the Vendetta {Ice Str-5 Int+4
                  | Stlth+}
 48585 | Depths:3 | Noticed Josephina
 48586 | Depths:3 | Killed Josephina
 48623 | Depths:4 | Entered Level 4 of the Depths
 49260 | Depths:4 | Found a gate to the Realm of Zot.
 49270 | Zot:1    | Entered Level 1 of the Realm of Zot
 50033 | Zot:5    | Entered Level 5 of the Realm of Zot
 50365 | Zot:5    | Reached skill level 10 in Dodging
 50422 | Zot:5    | Noticed an ancient lich
 50424 | Zot:5    | Noticed an orb of fire
 50428 | Zot:5    | Killed an ancient lich
 50434 | Zot:5    | Noticed an orb of fire
 50438 | Zot:5    | HP: 8/213 [orb of fire/bolt of fire (14)]
 50532 | Zot:4    | You are sucked into a shaft and drop 1 floor!
 50532 | Zot:5    | Noticed an orb of fire
 50535 | Zot:5    | Gained mutation: You are occasionally teleported next to
                  | monsters. [an orb of fire]
 50536 | Zot:5    | Noticed a Killer Klown
 50538 | Zot:5    | Noticed a dread lich
 50541 | Zot:5    | Killed a Killer Klown
 50543 | Zot:5    | Killed an orb of fire
 50549 | Zot:5    | Killed a dread lich
 50565 | Zot:5    | Noticed a dread lich
 50570 | Zot:5    | Killed a dread lich
 50573 | Zot:5    | Noticed a Killer Klown
 50576 | Zot:5    | Killed a Killer Klown
 50688 | Zot:5    | Noticed an orb of fire
 50688 | Zot:5    | Gained mutation: You occasionally lose the ability to drink
                  | potions when taking damage. [an orb of fire]
 50690 | Zot:5    | Gained mutation: Your spells are a little easier to cast,
                  | but a little less powerful. [an orb of fire]
 50695 | Zot:5    | Noticed an orb of fire
 50698 | Zot:5    | Killed an orb of fire
 50706 | Zot:5    | Killed an orb of fire
 50710 | Zot:5    | Noticed a Killer Klown
 50715 | Zot:5    | Killed a Killer Klown
 50763 | Zot:5    | Noticed a dread lich
 50765 | Zot:5    | Noticed an orb of fire
 50767 | Zot:5    | Noticed a dread lich
 50768 | Zot:5    | Killed a dread lich
 50770 | Zot:5    | Noticed an orb of fire
 50771 | Zot:5    | Noticed an orb of fire
 50772 | Zot:5    | Noticed an ancient lich
 50774 | Zot:5    | Killed an orb of fire
 50776 | Zot:5    | Gained mutation: Your spells are easier to cast, but less
                  | powerful. [an orb of fire]
 50777 | Zot:5    | Gained mutation: Armour fits poorly on your strangely
                  | shaped body. [an orb of fire]
 50780 | Zot:5    | Gained mutation: You occasionally shout uncontrollably at
                  | your foes. [an orb of fire]
 50782 | Zot:5    | Gained mutation: You do not regenerate when monsters are
                  | visible. [an orb of fire]
 50803 | Zot:5    | Gained mutation: You are clumsy. (Dex -2) [an orb of fire]
 50806 | Zot:5    | Paralysed by a dread lich for 5 turns
 50809 | Zot:5    | Gained mutation: You frequently scream uncontrollably at
                  | your foes. [an orb of fire]
 50815 | Zot:5    | Lost mutation: You have a pair of small horns on your head.
                  | [potion of mutation]
 50815 | Zot:5    | Lost mutation: You are occasionally teleported next to
                  | monsters. [potion of mutation]
 50815 | Zot:5    | Lost mutation: You frequently scream uncontrollably at your
                  | foes. [potion of mutation]
 50816 | Zot:5    | Lost mutation: Armour fits poorly on your strangely shaped
                  | body. [potion of mutation]
 50816 | Zot:5    | Lost mutation: You expend health (3 HP) to strengthen your
                  | wands. [potion of mutation]
 50816 | Zot:5    | Gained mutation: You sometimes lose the ability to drink
                  | potions when taking damage. [potion of mutation]
 50816 | Zot:5    | Lost mutation: You are clumsy. (Dex -2) [potion of
                  | mutation]
 50816 | Zot:5    | Gained mutation: You are partially covered in large bone
                  | plates. (SH +4) [potion of mutation]
 50817 | Zot:5    | Lost mutation: You are partially covered in large bone
                  | plates. (SH +4) [potion of mutation]
 50817 | Zot:5    | Lost mutation: You do not regenerate when monsters are
                  | visible. [potion of mutation]
 50817 | Zot:5    | Gained mutation: You are strong-willed. (Will+) [potion of
                  | mutation]
 50817 | Zot:5    | Gained mutation: Your mind is acute. (Int +4, Str/Dex -1)
                  | [potion of mutation]
 50817 | Zot:5    | Lost mutation: You occasionally shout uncontrollably at
                  | your foes. [potion of mutation]
 50817 | Zot:5    | Gained mutation: You are partially covered in iridescent
                  | scales. (AC +2) [potion of mutation]
 50818 | Zot:5    | Lost mutation: You are strong-willed. (Will+) [potion of
                  | mutation]
 50818 | Zot:5    | Lost mutation: You sometimes lose the ability to drink
                  | potions when taking damage. [potion of mutation]
 50818 | Zot:5    | Gained mutation: Your flesh is almost immune to the effects
                  | of heat. (rF+++) [potion of mutation]
 50819 | Zot:5    | Lost mutation: You occasionally lose the ability to drink
                  | potions when taking damage. [potion of mutation]
 50819 | Zot:5    | Lost mutation: Your spells are easier to cast, but less
                  | powerful. [potion of mutation]
 50819 | Zot:5    | Gained mutation: Potions are less effective at restoring
                  | your health. [potion of mutation]
 50819 | Zot:5    | Gained mutation: You possess an exceptional clarity of
                  | mind. [potion of mutation]
 50819 | Zot:5    | Gained mutation: You are robust. (+10% HP) [potion of
                  | mutation]
 50820 | Zot:5    | Lost mutation: You are robust. (+10% HP) [potion of
                  | mutation]
 50820 | Zot:5    | Lost mutation: Your spells are a little easier to cast, but
                  | a little less powerful. [potion of mutation]
 50820 | Zot:5    | Lost mutation: You passively map a small area around you.
                  | [potion of mutation]
 50820 | Zot:5    | Gained mutation: You are partially covered in large bone
                  | plates. (SH +4) [potion of mutation]
 50821 | Zot:5    | Lost mutation: Your mind is acute. (Int +4, Str/Dex -1)
                  | [potion of mutation]
 50821 | Zot:5    | Lost mutation: Your flesh is almost immune to the effects
                  | of heat. (rF+++) [potion of mutation]
 50821 | Zot:5    | Lost mutation: You are partially covered in large bone
                  | plates. (SH +4) [potion of mutation]
 50821 | Zot:5    | Gained mutation: You are partially covered in large bone
                  | plates. (SH +4) [potion of mutation]
 50821 | Zot:5    | Gained mutation: Your muscles are strong. (Str +4, Int/Dex
                  | -1) [potion of mutation]
 50822 | Zot:5    | Lost mutation: You are partially covered in iridescent
                  | scales. (AC +2) [potion of mutation]
 50822 | Zot:5    | Lost mutation: You possess an exceptional clarity of mind.
                  | [potion of mutation]
 50822 | Zot:5    | Lost mutation: Your muscles are strong. (Str +4, Int/Dex
                  | -1) [potion of mutation]
 50822 | Zot:5    | Gained mutation: Your muscles are strong. (Str +4, Int/Dex
                  | -1) [potion of mutation]
 50822 | Zot:5    | Gained mutation: Your muscles are very strong. (Str +8,
                  | Int/Dex -2) [potion of mutation]
 50822 | Zot:5    | Gained mutation: You have sharp fingernails. [potion of
                  | mutation]
 50822 | Zot:5    | Gained mutation: You possess an exceptional clarity of
                  | mind. [potion of mutation]
 50891 | Zot:5    | Got the Orb of Zot
 50904 | Zot:5    | Gained mutation: You are dopey. (Int -2) [an orb of fire]
 50922 | Zot:5    | Lost mutation: You possess an exceptional clarity of mind.
                  | [an orb of fire]
 50923 | Zot:5    | Gained mutation: You are occasionally teleported next to
                  | monsters. [an orb of fire]
 50925 | Zot:5    | Lost mutation: Your muscles are very strong. (Str +8,
                  | Int/Dex -2) [an orb of fire]
 50930 | Zot:5    | Gained mutation: Potions cannot restore your health. [an
                  | orb of fire]
 50930 | Zot:5    | HP: 5/215 [ancient lich (9)]
 50931 | Zot:5    | Lost mutation: Potions cannot restore your health. [potion
                  | of mutation]
 50931 | Zot:5    | Lost mutation: You are dopey. (Int -2) [potion of mutation]
 50931 | Zot:5    | Gained mutation: You are agile. (Dex +4, Str/Int -1)
                  | [potion of mutation]
 50931 | Zot:5    | Gained mutation: You possess an exceptional clarity of
                  | mind. [an orb of fire]
 50932 | Zot:5    | Lost mutation: Potions are less effective at restoring your
                  | health. [potion of mutation]
 50932 | Zot:5    | Lost mutation: You are occasionally teleported next to
                  | monsters. [potion of mutation]
 50932 | Zot:5    | Gained mutation: You are resistant to electric shocks.
                  | (rElec) [potion of mutation]
 50932 | Zot:5    | Gained mutation: You are mostly covered in large bone
                  | plates. (SH +6) [potion of mutation]
 50937 | Zot:5    | Noticed Yblug the pandemonium lord
 50943 | Zot:5    | Gained mutation: You occasionally shout uncontrollably at
                  | your foes. [an orb of fire]
 50964 | Zot:5    | Killed a dread lich
 50975 | Zot:5    | Gained mutation: Armour fits poorly on your strangely
                  | shaped body. [an orb of fire]
 50982 | Zot:5    | Gained mutation: You are frail. (-10% HP) [a shining eye]
 50983 | Zot:5    | Gained mutation: Your body sometimes deteriorates upon
                  | taking damage. [an orb of fire]
 50985 | Zot:5    | Killed an orb of fire
 50985 | Zot:5    | Gained mutation: You occasionally lose the ability to drink
                  | potions when taking damage. [an orb of fire]
 50985 | Zot:5    | Gained mutation: You have hidden genetic defects. [an orb
                  | of fire]
 50988 | Zot:5    | Killed an orb of fire
 50998 | Zot:5    | Killed Yblug the pandemonium lord
 51028 | Zot:4    | Lost mutation: Your body sometimes deteriorates upon taking
                  | damage. [potion of mutation]
 51028 | Zot:4    | Lost mutation: You have hidden genetic defects. [potion of
                  | mutation]
 51028 | Zot:4    | Lost mutation: You occasionally shout uncontrollably at
                  | your foes. [potion of mutation]
 51028 | Zot:4    | Lost mutation: Your muscles are strong. (Str +4, Int/Dex
                  | -1) [potion of mutation]
 51029 | Zot:4    | Lost mutation: You are frail. (-10% HP) [potion of
                  | mutation]
 51029 | Zot:4    | Lost mutation: Armour fits poorly on your strangely shaped
                  | body. [potion of mutation]
 51029 | Zot:4    | Lost mutation: You are resistant to electric shocks.
                  | (rElec) [potion of mutation]
 51029 | Zot:4    | Gained mutation: You are very agile. (Dex +8, Str/Int -2)
                  | [potion of mutation]
 51130 | Zot:2    | Reached skill level 27 in Shields
 51140 | Zot:2    | HP: 4/216 [purple draconian shifter/bolt of dispelling
                  | energy[a white draconian stormcaller] (33)]
 51278 | Depths:3 | Noticed Fycvonuf the pandemonium lord
 51283 | Depths:3 | Killed Fycvonuf the pandemonium lord
 51285 | Depths:3 | Noticed a juggernaut
 51292 | Depths:3 | Killed a juggernaut
 51604 | D:6      | Noticed a seraph
 51607 | D:6      | Identified the +3 buckler of Rotation {rCorr Str+3}
 51727 | D:$      | Escaped with the Orb!

Illustrated notes

Levels and vault maps discovered:
D:1:      dpeg_arrival_another_circle, layout_loops_corners,
          hellmonk_ecumenical_altar_run_dry
D:2:      layout_rooms, serial_bayou, serial_bayou_pond_a, serial_bayou_shore_b,
          serial_bayou_pond_e, serial_bayou_pond_a, serial_bayou_crossing,
          uniq_terence, uniq_robin
D:3:      layout_loops_ring, marbit_many_paths, kennysheep_generic_room_3,
          uniq_jessica, uniq_grinder, uniq_crazy_yiuf_cottage
D:4:      layout_cave_pools
D:5:      layout_loops_ring, uniq_prince_ribbit1
D:6:      kennysheep_spiral_hall, layout_loops_ring,
          mainiacjoe_overflow_divided_tiny, serial_bayou_lagoon_b,
          uniq_eustachio
D:7:      layout_loops_corners, temple_green, uniq_menkaure, uniq_maggie
D:8:      layout_loops_cross, mainiacjoe_overflow_alcove_2,
          nicolae_dithmenos_shadow_blocks, grunt_decor_arrowhead,
          kennysheep_cross_bottleneck, minmay_increasing_density
D:9:      layout_basic, orc_0_dummy
D:10:     layout_cave_pods, erik_lair_island, serial_park, serial_park_paths
          [serial_park_minivault_5x5_5], serial_park_tiny_2, uniq_erica,
          uniq_erolcha, uniq_snorg
D:11:     layout_layer_cave, nicolae_underground_beach, uniq_grum, uniq_maurice
D:12:     layout_layer_cave, serial_shops, kennysheep_mini_moat, jiyva_altar_1,
          uniq_sonja, uniq_urug
D:13:     layout_basic, grunt_vaults_entry_tiered, gauntlet_entry_generic,
          uniq_rupert
D:14:     layout_rooms, fiery_altar_vehumet,
          minmay_the_grid_square_5x5_3x3_mashed
          [minmay_the_grid_square_5x5_shrine1,
          minmay_the_grid_square_5x5_fancy_junction,
          minmay_the_grid_square_5x5_bracketed,
          minmay_the_grid_square_5x5_trominoes,
          minmay_the_grid_square_5x5_megaprize_crossed,
          minmay_the_grid_square_5x5_forky, minmay_the_grid_square_5x5_two,
          minmay_the_grid_square_5x5_seven,
          minmay_the_grid_square_5x5_two_walls_b], uniq_nessos
D:15:     grunt_enter_depths_magical_seal, layout_grid_maze,
          gammafunk_ghost_crypt, nicolae_ashenzari_panopticon, uniq_louise,
          uniq_roxanne
Temple:   minmay_crystal_spiral_temple
Lair:1:   layout_loops_ring, serial_forest, infiniplex_forest_clump_tiny,
          infiniplex_forest_corner_2, infiniplex_forest_lined_2,
          infiniplex_forest_corner_1, infiniplex_forest_lined_room_2,
          infiniplex_forest_lined_4_way, infiniplex_forest_clump_diagonal,
          infiniplex_forest_clump_double, serial_bayou_shore_b
Lair:2:   layout_layer_cave, minmay_shoals_entry_centaurs, dummy_snake_entry,
          serial_bayou_lake_a, uniq_harold, uniq_gastronok
Lair:3:   layout_cave_pods, st_stairs_11
Lair:4:   layout_cave_pods, slime_entry_1, serial_bayou_shore_b,
          grunt_megastairs_3, serial_bayou_shore_b
Lair:5:   cheibrodos_lair_end_hotspot, layout_loops_ring
Shoals:1: layout_shoals, serial_shops, shop, uniq_nikola
Shoals:2: cheibrodos_shoals_oceanic_diplomacy, layout_shoals
Shoals:3: cheibrodos_shoals_gigantism, layout_shoals,
          nicolae_shoals_cliffside_cave, nicolae_shoals_hidden_pirate_stash
Shoals:4: shoals_end_hellmonk_lost_city, uniq_polyphemus
Snake:1:  layout_onion_interference, nicolae_snake_gridmaze_waves, uniq_azrael,
          uniq_aizul
Snake:2:  layout_basic, minmay_shop_grove
Snake:3:  layout_cave_town, basic_altar, uniq_jorgrun
Snake:4:  grunt_snake_rune_spirals, layout_onion, basic_altar, uniq_mlioglotl,
          uniq_saint_roka
Slime:1:  layout_caves
Slime:2:  layout_caves
Slime:3:  layout_caves
Slime:4:  layout_caves, nicolae_slime_welcoming_committee
Slime:5
Orc:1:    layout_caves, hellmonk_guarded_unrand_dark_maul
Orc:2:    pf_orc_diabolical, layout_caves, portal_ice_cave_rime
Elf:1:    eino_elf_arrival_altar, layout_loops_corners, hangedman_elf_disciples
Elf:2:    elven_hall_of_blades_hangedman_original
          [nicolae_blade_entry_area_security], layout_loops_corners,
          serial_shops, nicolae_shop_hallway_stairs
Elf:3:    grunt_elf_hall_asides, layout_loops_corners, serial_shops, shop,
          nicolae_elf_elemental_lessons
Vaults:1: hangedman_vaults_pinch, nicolae_vaults_little_ls, v_misc_10,
          v_misc_32, nicolae_vaults_sealed_display, grunt_vaults_focal,
          grunt_vaults_diagonal, vaults_room_grid, hangedman_vaults_trim,
          v_pattern_1, vaults_room_guarded_vault, v_misc_13,
          layout_vaults_omnibox, serial_shops, shop
Vaults:2: mu_enter_wizlab_2, minmay_crypt_entry_simple_corners,
          hangedman_vaults_restitches, serial_ice_g, v_misc_12,
          hangedman_vaults_corner, v_misc_30, v_misc_12,
          ontoclasm_vaults_ring_small, layout_vaults_omnicross, serial_shops,
          shop
Vaults:3: nicolae_vaults_hallways_thing, vaults_dpeg_encased_lava,
          hangedman_vaults_corner_blocks, vaults_room_pool, v_alt_pattern_4,
          layout_vaults_quadrants, serial_shops, shop, shop,
          nicolae_shop_waterfront, shop, shop
Vaults:4: vaults_room_stairs_pillars, v_misc_8, nicolae_vaults_big_ls,
          nicolae_vaults_little_squares_2, nicolae_vaults_yaktaur_gun_rack,
          v_misc_3, vaults_dpeg_diagonal, v_misc_1, v_misc_19,
          nicolae_vaults_an_arrangement, v_pattern_2,
          ontoclasm_vaults_ring_large, vaults_room_door_ring,
          vaults_room_door_ring, dpeg_vaults_monster_box, vaults_dpeg_ring,
          layout_vaults_ring, uniq_xtahua
Vaults:5: serial_shops
Depths:1: layout_cave_shapes, lightli_too_deep, hex_medium, minislime_mu,
          grunt_megastairs_1, kennysheep_random_hallway
Depths:2: hourglass_vault, layout_gridlike, hell_entry, serial_shops, shop,
          amcnicky_mini_rare_corridor_liquid, rand_demon_pan_entry_7,
          evilmike_ambush [evilmike_ambush_outer_basic,
          evilmike_ambush_inner_basic]
Depths:3: hangedman_box_tower, layout_basic, enter_ziggurat_c, abyss_entry,
          old_standard_altar, serial_shops, nicolae_shop_statue_plus,
          hell_entry, minmay_microvault, serial_bayou_shore_a, uniq_mara,
          uniq_josephina
Depths:4: grunt_zot_entry_hairpin, layout_cave_shapes, hell_entry,
          lightli_corner_chamber
Zot:1:    layout_concentric_octagons, gammafunk_ghost_door_vault,
          grunt_ministairs_13
Zot:2:    layout_cathedral_of_symmetry, nicolae_zot_crop_circle
Zot:3:    layout_basic, grunt_megastairs_2
Zot:4:    layout_misc_corridors, gammafunk_ghost_tricky_traps
Zot:5:    layout_concentric_octagons, lemuel_flame_loot_1

Skill      XL: |  1  2  3  4  5  6  7  8  9 10 11 12 13 14 15 16 17 18 19 20 21 22 23 24 25 26 27 |
---------------+----------------------------------------------------------------------------------+-----
Spellcasting   | 4 5 6 7 8 10 12 13 14 16 17 18 19 20 21 22 23 24 25 26 27 | 27.0
Shields        | 3 5 7 8 10 11 12 13 14 15 16 17 18 19 20 22 27 | 27.0
Fighting       | 1 3 4 5 6 7 9 14 18 20 24 | 24.0
Dodging        | 3 4 5 6 7 14 | 14.1
Stealth        | |  1.5

Action                   |  1- 3 |  4- 6 |  7- 9 | 10-12 | 13-15 | 16-18 | 19-21 | 22-24 | 25-27 || total
-------------------------+-------+-------+-------+-------+-------+-------+-------+-------+-------++-------
Melee: Trident           |       |       |     1 |       |       |     6 |       |       |       ||     7
       Unarmed           |       |       |       |       |       |     4 |       |       |       ||     4
       Bite              |       |       |       |       |       |     2 |       |       |       ||     2
       Punch             |       |       |       |       |       |     1 |       |       |       ||     1
 Fire: Sling             |       |       |       |   149 |   284 |   135 |       |       |       ||   568
 Cast: Magic Dart        |    65 |    11 |   146 |   112 |    24 |   179 |    11 |     4 |       ||   552
       Foxfire           |    12 |    77 |     8 |       |     3 |       |       |       |       ||   100
       Fulminant Prism   |       |     3 |     2 |    34 |    15 |    14 |       |     3 |       ||    71
       Iskenderun's Myst |       |     2 |    27 |    63 |   192 |   240 |     5 |     2 |    17 ||   548
       Inner Flame       |       |       |    24 |   164 |   219 |   133 |     3 |     3 |       ||   546
       Conjure Ball Ligh |       |       |       |       |     1 |    99 |     1 |       |       ||   101
       Dragon Form       |       |       |       |       |       |     1 |       |       |       ||     1
       Ozocubu's Refrige |       |       |       |       |       |       |   450 |   564 |   313 ||  1327
       Summon Hydra      |       |       |       |       |       |       |     1 |    17 |     2 ||    20
       Disjunction       |       |       |       |       |       |       |       |     2 |       ||     2
       Ignition          |       |       |       |       |       |       |       |       |   637 ||   637
 Abil: Breathe Fire      |       |       |       |       |       |     1 |       |       |       ||     1
       End Transformatio |       |       |       |       |       |     1 |       |       |       ||     1
Evoke: Wand              |       |       |       |       |       |     1 |       |     1 |     5 ||     7
  Use: Scroll            |       |       |    15 |     3 |    14 |     1 |     4 |     7 |    18 ||    62
       Potion            |       |       |       |     2 |       |       |       |     6 |    35 ||    43
Armor: Robe              |     2 |     1 |     6 |     2 |       |       |       |       |       ||    11
       Troll leather arm |       |       |       |     5 |    10 |    24 |     2 |    11 |    88 ||   140
       Skin              |       |       |       |       |       |     6 |       |       |       ||     6
Dodge: Dodged            |     7 |     6 |     6 |    31 |    17 |    44 |    14 |    11 |    91 ||   227
Block: Other             |       |       |     2 |       |       |       |       |       |       ||     2
       Kite shield       |       |       |       |    46 |    55 |    41 |       |       |       ||   142
       Reflection        |       |       |       |    33 |    13 |    30 |       |       |       ||    76
       Tower shield      |       |       |       |       |       |    61 |    28 |    44 |   206 ||   339
